 Dungeon Crawl Stone Soup version 0.28-a0-1235-g7c8fac35f0 (webtiles) character file.

Game seed: 18238876756152966753

109619 Gwenloh the Spry (level 16, -7/132 HPs)
             Began as a Merfolk Gladiator on Dec 24, 2021.
             Was the Champion of Jiyva.
             Mangled by a merfolk impaler (13 damage)
             ... on level 1 of the Shoals on Dec 25, 2021.
             The game lasted 01:22:02 (20518 turns).

Gwenloh the Spry (Merfolk Gladiator)               Turns: 20518, Time: 01:22:02

Health: -7/132     AC:  9    Str: 15    XL:     16   Next: 17%
Magic:  13/16      EV: 31    Int: 11    God:    Jiyva [******]
Gold:   2162       SH:  0    Dex: 31    Spells: 8/15 levels left

rFire   + + .      SeeInvis .   a - +2 trident (spect)
rCold   + + .      Faith    .   (no shield)
rNeg    . . .      Spirit   .   u - +2 steam dragon scales
rPois   +          Reflect  .   (helmet restricted)
rElec   .          Harm     .   G - scarf {shadows}
rCorr   +          Rampage  .   p - +2 pair of gloves
Will    ++...                   x - +1 pair of boots
Stlth   ++++++....              (no amulet)
HPRegen 1.92/turn               e - ring of poison resistance
MPRegen 0.65/turn               N - ring "Ugearasi" {rF++ Str-2 Dex+6 Slay+2 Stlth+}

@: about to teleport, mesmerised
A: (nimble swimmer 2), mertail, beak, thin skeletal structure 2, clever 1, cold
resistance 2, strong-willed 1, mutation resistance 1, strong 1, acidic bite,
eyeballs 1, pseudopods 2, translucent skin 1
}: 1/15 runes: slimy
a: Renounce Religion, Oozemancy, Slimify


You were on level 1 of the Shoals.
You worshipped Jiyva.
Jiyva was exalted by your worship.
You visited 5 branches of the dungeon, and saw 29 of its levels.

You collected 2192 gold pieces.
You spent 30 gold pieces at shops.

Inventory:

Hand Weapons
 a - a +2 spectral trident (weapon)
 t - the +8 battleaxe of Eternal Night {spect, Contam MP+9 Int+4}
   (You found it on level 5 of the Pits of Slime)

   When its wielder attacks, the weapon's spirit leaps out and strikes again.
   The spirit shares a part of any damage it takes with its wielder.
   Int:       It affects your intelligence (+4).
   MP:        It affects your magic capacity (+9).
   Contam:    It causes magical contamination when unequipped.
Missiles
 d - 4 throwing nets
 g - 388 stones (quivered)
 W - 8 silver boomerangs
 X - 4 boomerangs
Armour
 b - +0 fire dragon scales
 p - a +2 pair of gloves (worn)
 u - +2 steam dragon scales (worn)
 x - a +1 pair of boots (worn)
 G - a scarf of shadows (worn)
Jewellery
 e - a ring of poison resistance (left hand)
 f - a ring of positive energy
 z - a ring of protection from cold
 L - the ring of Fath {rN+ Str+6 Int+3}
   (You found it on level 5 of the Lair of Beasts)

   [ring of strength]

   Str:       It affects your strength (+6).
   Int:       It affects your intelligence (+3).
   rN:        It protects you from negative energy.
 M - a ring of magical power
 N - the ring "Ugearasi" (right hand) {rF++ Str-2 Dex+6 Slay+2 Stlth+}
   (You found it on level 5 of the Pits of Slime)

   [ring of dexterity]

   Str:       It affects your strength (-2).
   Dex:       It affects your dexterity (+6).
   Slay:      It affects your accuracy & damage with ranged weapons and melee
   (+2).
   rF:        It greatly protects you from fire.
   Stlth:     It makes you more stealthy.
 P - a ring of protection from fire
 S - a ring of see invisible
 V - a +6 ring of strength
Wands
 k - a wand of flame (12)
 r - a wand of digging (9)
 w - a wand of paralysis (21)
 C - a wand of polymorph (16)
 E - a wand of acid (5)
 Z - a wand of iceblast (8)
Scrolls
 l - 3 scrolls of amnesia
 o - 2 scrolls of fog
 q - 3 scrolls of magic mapping
 y - a scroll of holy word
 D - 2 scrolls of silence
 I - a scroll of summoning {unknown}
 J - a scroll of blinking {unknown}
 O - 2 scrolls of acquirement
 Q - a scroll of brand weapon
Potions
 c - a potion of cancellation {unknown}
 h - a potion of heal wounds
 i - a potion of berserk rage
 j - 13 potions of curing
 m - a potion of ambrosia {unknown}
 n - 4 potions of flight
 s - 3 potions of mutation
 B - a potion of resistance {unknown}
 F - a potion of brilliance {unknown}
 K - a potion of haste {unknown}
 T - a potion of magic {unknown}
 U - a potion of invisibility {unknown}
 Y - a potion of might {unknown}
Miscellaneous
 v - a phial of floods
 H - a condenser vane


   Skills:
 - Level 13.8 Fighting
 + Level 12.5(13.5) Axes
 - Level 14.0(18.8) Polearms
 - Level 2.0 Throwing
 - Level 16.4 Dodging
 + Level 13.6 Transmutations
 + Level 8.9 Air Magic


You had 8 spell levels left.
You knew the following spells:

 Your Spells              Type           Power      Damage    Failure   Level
a - Storm Form            Tmut/Air       12%        N/A       96%         7

Your spell library contained the following spells:

 Spells                   Type           Power      Damage    Failure   Level
 Spider Form              Tmut/Pois      15%        N/A       7%          3
 Ignite Poison            Fire/Tmut/Pois 9%         N/A       17%         3
 Mephitic Cloud           Conj/Pois/Air  6%         N/A       32%         3
 Animate Skeleton         Necr           0%         N/A       34%         1
 Pain                     Necr           0%         1d4       34%         1
 Slow                     Hex            0%         N/A       34%         1
 Ensorcelled Hibernation  Hex/Ice        0%         N/A       47%         2
 Summon Lightning Spire   Summ/Air       9%         N/A       50%         4
 Confusing Touch          Hex            0%         N/A       71%         3
 Summon Guardian Golem    Hex/Summ       0%         N/A       71%         3
 Vampiric Draining        Necr           0%         2d6       71%         3
 Freezing Cloud           Conj/Ice/Air   3%         6-21      96%         5
 Orb of Destruction       Conj           0%         N/A       100%        7
 Spellforged Servitor     Conj/Summ      0%         N/A       100%        7
 Maxwell's Capacitive Co  Air            9%         ∞         100%        8


Dungeon Overview and Level Annotations

Branches:
Dungeon (15/15)            Temple (0/1) D:5            Lair (6/6) D:8
 Shoals (1/4) Lair:4        Snake (0/4) Lair:2        Slime (5/5) Lair:5
    Orc (2/2) D:12            Elf (0/3) Orc:2        Vaults (0/5) D:14
 Depths (0/4) D:15

Altars:
Cheibriados
Hepliaklqana
Makhleb
Trog
Xom
Yredelemnul
Zin
Jiyva

Shops:
D:12 *   D:15 *   Orc:2 ((:(

Portals:
Hell: Lair:6
Abyss: Lair:6

Annotations:
D:11 1 runed translucent door, whitenoisemaker's ghost, journeyman HuFi
Lair:1 3 runed translucent doors, Gwenloh's ghost, journeyman GrEE
Lair:6 2 transporters, anonymous's ghost, journeyman NaFi
Slime:5 Royal Jelly


Innate Abilities, Weirdness & Mutations

((You are very nimble when in or above water. (Stealth+, EV+, Speed+++)))
Your lower body shifts to a powerful aquatic tail in water.
You have a beak for a mouth.
You have a moderately thin skeletal structure. (Dex +4, Stealth++)
Your mind is acute. (Int +2)
Your flesh is very cold resistant. (rC++)
You are strong-willed. (Will+)
You are somewhat resistant to further mutation.
Your muscles are strong. (Str +2)
You have acidic saliva.
Your body has grown eyes which may confuse attackers. (Acc +3)
Armour fits poorly on your large pseudopods.
Your translucent skin slightly reduces your foes' accuracy. (Stealth+)


Message History

* * * LOW HITPOINT WARNING * * *
A thick mucus forms on your +2 spectral trident.
The merfolk impaler misses you.
The merfolk impaler completely misses you.
The merfolk javelineer throws a javelin.
The javelin completely misses you. The merfolk impaler misses you.
The merfolk completely misses you. The merfolk impaler barely misses you.
You closely miss the merfolk javelineer.
Your peck misses the merfolk javelineer.
You bite the merfolk javelineer, but do no damage.
You bludgeon the merfolk javelineer.
The merfolk javelineer is moderately wounded.
Your +2 spectral trident hits the merfolk javelineer but does no damage.
The merfolk siren chants a haunting song.
You are mesmerised by the merfolk siren!
The merfolk javelineer throws a javelin.
The javelin completely misses you.
The javelin pierces through your +2 spectral trident!!
Your spectral weapon shares its damage with you!
* * * LOW HITPOINT WARNING * * *
The merfolk impaler completely misses you. x2
The merfolk javelineer quivers uncontrollably and liquefies into an acid blob!
Your hands burn!
* * * LOW HITPOINT WARNING * * *
Your +2 spectral trident hits the acid blob from afar!
The merfolk hits you from afar with a +0 trident!!
* * * LOW HITPOINT WARNING * * *
The merfolk impaler hits you from afar with a +3 trident of protection!
* * * LOW HITPOINT WARNING * * *
The merfolk impaler completely misses you.
You cannot move away from the merfolk siren!
As you read the scroll of teleportation, it crumbles to dust.
You feel strangely unstable.
The merfolk siren chants its luring song.
You hear a slurping noise.
The merfolk impaler hits you from afar with a +3 trident of protection.
* * * LOW HITPOINT WARNING * * *
The merfolk impaler misses you. The merfolk closely misses you.
The merfolk impaler hits you from afar with a +3 trident of protection!
You die...

..# ### #.≈≈≈≈≈≈ ≈≈##
..≈≈≈≈≈≈ ≈≈.#
≈≈≈##.≈≈≈≈≈≈≈ ≈≈##
m≈≈##≈≈≈≈≈≈≈ ≈≈# ####
#≈≈8#≈≈≈.≈≈≈ ≈≈# (≈≈≈
#≈≈##.....≈≈ ≈.#
≈≈≈≈≈#m≈≈#.§§...≈ ≈≈#
≈≈≈≈≈#≈m##......≈ ≈≈#
≈≈≈≈≈≈mmJ@§.....≈ ..#
≈≈≈≈≈#≈m##......≈ ..#
≈≈≈≈ #≈)≈#....... ###
:≈≈ #m≈##....... ### ##
#≈≈8#......≈ ..##
≈≈≈##....≈≈≈ J..##
≈≈≈##...≈≈≈≈≈ ....###
8###..≈≈≈≈≈≈≈
......#########.≈≈≈≈≈..≈


You could see 2 merfolk impalers, 2 merfolk, a merfolk siren (mesmerising) and a
neutral acid blob (wandering) (fellow slime).

Vanquished Creatures
  Frances (D:14)
  Gastronok (D:9)
  Kirke (D:14)
  A dire elephant (Lair:6)
  A merfolk javelineer (Shoals:1)
  2 fire dragons (D:15)
  10 hydras
  2 catoblepae (D:13)
  2 ogre magi (Orc:2)
  A vault guard (D:14)
  A hell beast (Lair:6)
  3 boulder beetles
  A death knight (D:14)
  2 centaur warriors
  2 death yaks
  12 two-headed ogres
  2 merfolk aquamancers (Shoals:1)
  4 tengu warriors
  Sonja (Lair:6)
  2 sea snakes (Shoals:1)
  2 deep trolls (Orc:2)
  5 orc knights
  A wizard (Lair:6)
  4 harpies (Shoals:1)
  3 deep elf pyromancers
  A wolf spider (Lair:1)
  13 cyclopes
  4 manticores
  8 ugly things
  13 elephants
  2 fauns (Shoals:1)
  3 centaur zombies
  A merfolk siren (Shoals:1)
  3 black mambas
  5 gargoyles
  2 torpor snails
  Maggie (D:6)
  11 cane toads
  2 yaktaurs
  3 kobold demonologists
  4 rime drakes
  13 komodo dragons
  2 tengu conjurers (D:15)
  3 ice devils (Lair:6)
  2 burning bushes (Lair:2)
  A merfolk (shapeshifter) (D:13)
  9 trolls
  3 polar bears
  3 meliai (D:15)
  A wolf spider simulacrum (D:14)
  16 blink frogs
  A hornet (D:11)
  Grinder (D:6)
  A snapping turtle (Shoals:1)
  3 shadows
  5 vampires
  A spriggan (shapeshifter) (D:14)
  6 wyverns
  19 yaks
  3 hogs
  3 basilisks
  A human (D:13)
  A two-headed ogre zombie (D:12)
  4 wargs
  2 acid dragons
  16 water moccasins
  20 orc warriors
  A sky beast (D:6)
  3 ice beasts
  20 ogres
  2 black bears
  A necrophage (D:6)
  12 wolves
  6 centaurs
  4 kobold brigands
  A phantom (D:12)
  9 bullfrogs
  A gnoll sergeant (D:10)
  A scorpion (D:5)
  A water moccasin zombie (D:5)
  A wyvern skeleton (D:7)
  A water moccasin skeleton (D:5)
  5 killer bees
  3 troll zombies (D:12)
  4 wights (D:8)
  An electric eel (D:11)
  3 crimson imps (D:9)
  2 howler monkeys
  2 hounds
  A gnoll shaman (D:7)
  2 bullfrog zombies (D:5)
  2 bullfrog skeletons
  14 orc priests
  A centaur skeleton (D:5)
  3 iguanas (D:5)
  23 orc wizards
  A scorpion zombie (D:5)
  4 ogre zombies (D:12)
  A hound skeleton (D:5)
  12 gnolls
  9 adders
  A shadow imp (D:6)
  4 white imps
  2 adder skeletons (D:4)
  3 worms
  66 orcs
  An endoplasm (D:1)
  6 giant cockroaches
  4 hobgoblins
  3 quokkas
  6 ball pythons
  5 bats
  A frilled lizard (D:3)
  2 goblins (D:3)
  3 goblin skeletons (D:12)
  A goblin zombie (D:12)
  2 hobgoblin skeletons (D:12)
  2 hobgoblin zombies (D:12)
  8 kobolds
  4 orc skeletons (D:12)
  11 orc zombies (D:12)
  5 rats
580 creatures vanquished.

Vanquished Creatures (collateral kills)
  Rupert (Lair:6)
  Agnes (D:15)
  An orc warlord (D:12)
  A boulder beetle (D:11)
  An ogre mage (D:14)
  A cyclops (Orc:1)
  A gargoyle (D:14)
  A tengu conjurer (D:14)
  2 komodo dragons (Lair:1)
  2 orc warriors (Orc:1)
  An electric eel (D:11)
13 creatures vanquished.

Vanquished Creatures (others)
  An acid blob (Lair:1)
  A hydra (Lair:6)
  Urug (Lair:5)
  A deep elf pyromancer (D:12)
  A cyclops (D:15)
  A merfolk siren (Lair:4)
  2 orange demons (Lair:6)
  A cane toad (Lair:5)
  A smoke demon (Lair:6)
  An ice devil (Lair:6)
  A blink frog (Lair:3)
  A wraith (D:12)
  3 humans (D:14)
  A steam dragon (D:9)
  A floating eye (shapeshifter) (Lair:6)
  3 hell hounds (Lair:6)
  4 water moccasins
  An ice beast (D:6)
  An ogre (D:4)
  A black bear (D:4)
  4 wolves
  2 centaurs
  A kobold brigand (D:6)
  89 jellies
  3 killer bees (D:9)
  A crimson imp (D:9)
  2 centaur zombies (D:9)
  2 orc priests
  2 hounds (D:4)
  An orc wizard (D:4)
  A howler monkey zombie (D:9)
  3 adders
  A worm (D:2)
  16 orcs
  2 ball pythons
  An endoplasm (D:2)
  2 giant cockroaches (D:2)
  A goblin (D:1)
  A hobgoblin zombie (D:12)
  10 kobolds
  An orc zombie (D:12)
  A butterfly (Lair:5)
  100 fungi
  92 plants
367 creatures vanquished.

Grand Total: 960 creatures vanquished

Notes
Turn   | Place    | Note
-------+----------+-------------------------------------------
     0 | D:1      | Gwenloh the Merfolk Gladiator began the quest for the Orb.
     0 | D:1      | Reached XP level 1. HP: 16/16 MP: 1/1
    59 | D:1      | Found a faded altar of an unknown god.
   117 | D:1      | Prayed at the altar of an unknown god.
   117 | D:1      | Became a worshipper of Jiyva Joasedea the Shapeless
   117 | D:1      | Reached * piety under Jiyva
   138 | D:1      | Reached XP level 2. HP: 23/23 MP: 2/2
   427 | D:2      | Reached ** piety under Jiyva
   532 | D:2      | Reached skill level 5 in Polearms
   532 | D:2      | Reached XP level 3. HP: 28/28 MP: 3/3
  1066 | D:3      | Reached skill level 5 in Dodging
  1066 | D:3      | Reached XP level 4. HP: 30/35 MP: 4/4
  1223 | D:3      | Reached *** piety under Jiyva
  1265 | D:3      | Found Quasuma's Jewellery Shoppe.
  1352 | D:3      | Gained mutation: You have acidic saliva. [Jiyva's grace]
  1352 | D:3      | Gained mutation: Your translucent skin slightly reduces
                  | your foes' accuracy. (Stealth+) [Jiyva's grace]
  1352 | D:3      | Gained mutation: Your translucent skin reduces your foes'
                  | accuracy. (Stealth+) [Jiyva's grace]
  1352 | D:3      | Gained mutation: Your transparent skin significantly
                  | reduces your foes' accuracy. (Stealth+) [Jiyva's grace]
  1457 | D:3      | Noticed an ice beast
  1492 | D:3      | Killed an ice beast
  1493 | D:3      | Reached XP level 5. HP: 29/42 MP: 5/5
  1820 | D:4      | Killed an ogre
  2117 | D:4      | Killed a black bear
  2217 | D:4      | Reached XP level 6. HP: 46/48 MP: 6/6
  2334 | D:4      | Reached **** piety under Jiyva
  2502 | D:5      | Entered Level 5 of the Dungeon
  2510 | D:5      | Noticed a yak
  2510 | D:5      | Noticed a yak
  2510 | D:5      | Noticed a yak
  2521 | D:5      | Killed a yak
  2522 | D:5      | Reached skill level 6 in Dodging
  2523 | D:5      | Killed a yak
  2524 | D:5      | Reached skill level 5 in Fighting
  2524 | D:5      | Reached XP level 7. HP: 49/56 MP: 7/7
  2525 | D:5      | Killed a yak
  2526 | D:5      | Reached skill level 7 in Dodging
  2532 | D:5      | Noticed a yak
  2532 | D:5      | Noticed a yak
  2533 | D:5      | Noticed a yak
  2546 | D:5      | Killed a yak
  2547 | D:5      | Reached XP level 8. HP: 64/64 MP: 8/8
  2551 | D:5      | Killed a yak
  2552 | D:5      | Reached skill level 8 in Dodging
  2578 | D:5      | Killed a yak
  2629 | D:5      | Found a staircase to the Ecumenical Temple.
  2966 | D:5      | Found a snail-covered altar of Cheibriados.
  3060 | D:5      | Gained mutation: You are covered in slimy tendrils that may
                  | disarm your opponents. [Jiyva's grace]
  3060 | D:5      | Gained mutation: You are resistant to electric shocks.
                  | (rElec) [Jiyva's grace]
  3060 | D:5      | Gained mutation: Your body has grown eyes which may confuse
                  | attackers. (Acc +3) [Jiyva's grace]
  3060 | D:5      | Gained mutation: Your body has grown many eyes which may
                  | confuse attackers. (Acc +5) [Jiyva's grace]
  3181 | D:5      | Found a basalt altar of Yredelemnul.
  3206 | D:5      | Reached skill level 9 in Dodging
  3303 | D:5      | Reached skill level 10 in Polearms
  3303 | D:5      | Reached XP level 9. HP: 72/72 MP: 9/9
  3720 | D:6      | Found a hazy altar of Hepliaklqana.
  3805 | D:6      | Noticed Maggie
  3840 | D:6      | Killed Maggie
  3841 | D:6      | Reached skill level 10 in Dodging
  4048 | D:6      | Noticed Grinder
  4061 | D:6      | Found a bloodstained altar of Trog.
  4085 | D:6      | Killed Grinder
  4248 | D:6      | Reached ***** piety under Jiyva
  4536 | D:7      | Lost mutation: You have acidic saliva. [Jiyva's grace]
  4536 | D:7      | Lost mutation: You are covered in slimy tendrils that may
                  | disarm your opponents. [Jiyva's grace]
  4536 | D:7      | Gained mutation: You possess an exceptional clarity of
                  | mind. [Jiyva's grace]
  4536 | D:7      | Gained mutation: You have a small jelly attached to you
                  | that senses nearby items. [Jiyva's grace]
  4536 | D:7      | Gained mutation: You have a small jelly attached to you
                  | that may absorb projectiles. [Jiyva's grace]
  4536 | D:7      | Gained mutation: Your rubbery body absorbs attacks. (AC +1,
                  | EV +1) [Jiyva's grace]
  4583 | D:7      | Noticed a deep elf pyromancer
  4617 | D:7      | Killed a deep elf pyromancer
  4618 | D:7      | Reached skill level 11 in Dodging
  4618 | D:7      | Reached XP level 10. HP: 50/83 MP: 10/10
  5334 | D:8      | Found a staircase to the Lair.
  5637 | D:8      | Found a glowing silver altar of Zin.
  5637 | D:8      | Noticed an angel
  5825 | Lair:1   | Entered Level 1 of the Lair of Beasts
  5868 | Lair:1   | Noticed a six-headed hydra
  5883 | Lair:1   | Killed a six-headed hydra
  5884 | Lair:1   | Reached skill level 10 in Fighting
  5884 | Lair:1   | Reached skill level 12 in Dodging
  5899 | Lair:1   | Noticed a minotaur
  5948 | Lair:1   | Noticed Gwenloh's ghost (journeyman GrEE)
  5968 | Lair:1   | Noticed a cane toad
  5988 | Lair:1   | Noticed a black mamba
  6013 | Lair:1   | Found a runed translucent gate.
  6013 | Lair:1   | Found a runed translucent gate.
  6013 | Lair:1   | Found a runed translucent gate.
  6101 | Lair:1   | Noticed a cane toad
  6123 | Lair:1   | Killed a cane toad
  6129 | Lair:1   | Reached XP level 11. HP: 70/92 MP: 11/11
  6216 | Lair:1   | Reached skill level 13 in Dodging
  6259 | Lair:1   | Noticed a wolf spider
  6267 | Lair:1   | Noticed a catoblepas
  6294 | Lair:1   | Slimified a catoblepas
  6294 | Lair:1   | Noticed an acid blob
  6294 | Lair:1   | a catoblepas changed into an acid blob
  6299 | Lair:1   | Killed an acid blob
  6361 | Lair:1   | Killed a wolf spider
  6411 | Lair:1   | Identified a scroll of acquirement
  6414 | Lair:1   | Acquired a ring of poison resistance
  6439 | Lair:1   | Lost mutation: You possess an exceptional clarity of mind.
                  | [Jiyva's grace]
  6439 | Lair:1   | Lost mutation: Your body has grown many eyes which may
                  | confuse attackers. (Acc +5) [Jiyva's grace]
  6439 | Lair:1   | Lost mutation: Your body has grown eyes which may confuse
                  | attackers. (Acc +3) [Jiyva's grace]
  6439 | Lair:1   | Gained mutation: Your muscles are strong. (Str +2) [Jiyva's
                  | grace]
  6439 | Lair:1   | Gained mutation: Your muscles are very strong. (Str +4)
                  | [Jiyva's grace]
  6439 | Lair:1   | Gained mutation: You have acidic saliva. [Jiyva's grace]
  6439 | Lair:1   | Gained mutation: You are somewhat resistant to further
                  | mutation. [Jiyva's grace]
  7039 | Lair:1   | Reached skill level 14 in Dodging
  7529 | Lair:2   | Found a staircase to the Snake Pit.
  7855 | Lair:3   | Learned a level 7 spell: Storm Form
  7927 | Lair:3   | Noticed a six-headed hydra
  7939 | Lair:3   | Killed a six-headed hydra
  7940 | Lair:3   | Reached skill level 1 in Transmutations
  7940 | Lair:3   | Reached skill level 1 in Air Magic
  8078 | Lair:3   | You fall into a shaft and drop 1 floor!
  8147 | Lair:4   | Reached ****** piety under Jiyva
  8278 | Lair:3   | Reached skill level 15 in Dodging
  8289 | Lair:3   | Reached XP level 12. HP: 103/103 MP: 12/12
  8930 | Lair:4   | Noticed Snorg
  8955 | Lair:4   | Slimified Snorg
  8955 | Lair:4   | Noticed Snorg
  8955 | Lair:4   | Snorg changed into Snorg the slime creature
  9114 | Lair:4   | Noticed a five-headed hydra
  9125 | Lair:4   | Killed a five-headed hydra
  9232 | Lair:4   | Reached skill level 5 in Transmutations
  9399 | Lair:4   | Noticed an eight-headed hydra
  9437 | Lair:4   | Slimified an eight-headed hydra
  9437 | Lair:4   | an eight-headed hydra changed into a slime creature
  9488 | Lair:4   | Found a staircase to the Shoals.
  9887 | Lair:4   | Lost mutation: Your transparent skin significantly reduces
                  | your foes' accuracy. (Stealth+) [Jiyva's grace]
  9887 | Lair:4   | Lost mutation: Your translucent skin reduces your foes'
                  | accuracy. (Stealth+) [Jiyva's grace]
  9887 | Lair:4   | Lost mutation: You have a small jelly attached to you that
                  | senses nearby items. [Jiyva's grace]
  9887 | Lair:4   | Gained mutation: Your flesh is heat resistant. (rF+)
                  | [Jiyva's grace]
  9887 | Lair:4   | Gained mutation: Your flesh is very heat resistant. (rF++)
                  | [Jiyva's grace]
  9887 | Lair:4   | Gained mutation: Your flesh is almost immune to the effects
                  | of heat. (rF+++) [Jiyva's grace]
  9887 | Lair:4   | Gained mutation: You are strong-willed. (Will+) [Jiyva's
                  | grace]
 10162 | Lair:4   | Acquired 499 gold pieces
 10341 | Lair:5   | Noticed a five-headed hydra
 10355 | Lair:5   | Slimified a five-headed hydra
 10355 | Lair:5   | Noticed an azure jelly
 10355 | Lair:5   | a five-headed hydra changed into an azure jelly
 10374 | Lair:5   | Noticed Urug
 10383 | Lair:5   | Killed Urug
 10477 | Lair:5   | Reached skill level 16 in Dodging
 10881 | Lair:5   | Noticed a death yak
 10881 | Lair:5   | Noticed a boulder beetle
 10897 | Lair:5   | Killed a death yak
 10908 | Lair:5   | Killed a boulder beetle
 10934 | Lair:5   | Reached XP level 13. HP: 70/112 MP: 13/13
 11033 | Lair:5   | Found a viscous altar of Jiyva.
 11034 | Lair:5   | Found a staircase to the Slime Pits.
 11136 | Lair:5   | Found a runed translucent door.
 11183 | Lair:5   | Identified the ring of Fath {rN+ Str+6 Int+3}
 11384 | Slime:1  | Entered Level 1 of the Pits of Slime
 11384 | Slime:1  | Noticed a quicksilver ooze
 11390 | Slime:1  | Noticed a rockslime
 11390 | Slime:1  | Noticed a great orb of eyes
 11433 | Slime:2  | Noticed an azure jelly
 11439 | Slime:2  | Noticed a great orb of eyes
 11457 | Slime:2  | Noticed an azure jelly
 11468 | Slime:3  | Lost mutation: Your flesh is almost immune to the effects
                  | of heat. (rF+++) [Jiyva's grace]
 11468 | Slime:3  | Lost mutation: Your flesh is very heat resistant. (rF++)
                  | [Jiyva's grace]
 11468 | Slime:3  | Lost mutation: Your flesh is heat resistant. (rF+) [Jiyva's
                  | grace]
 11468 | Slime:3  | Lost mutation: Your muscles are very strong. (Str +4)
                  | [Jiyva's grace]
 11468 | Slime:3  | Lost mutation: Your rubbery body absorbs attacks. (AC +1,
                  | EV +1) [Jiyva's grace]
 11468 | Slime:3  | Lost mutation: You have a small jelly attached to you that
                  | may absorb projectiles. [Jiyva's grace]
 11468 | Slime:3  | Gained mutation: Your mind is acute. (Int +2) [Jiyva's
                  | grace]
 11468 | Slime:3  | Gained mutation: Your mind is very acute. (Int +4) [Jiyva's
                  | grace]
 11468 | Slime:3  | Gained mutation: Your flesh is cold resistant. (rC+)
                  | [Jiyva's grace]
 11468 | Slime:3  | Gained mutation: Your flesh is very cold resistant. (rC++)
                  | [Jiyva's grace]
 11469 | Slime:3  | Noticed an acid blob
 11477 | Slime:4  | Noticed a quicksilver ooze
 11490 | Slime:5  | Entered Level 5 of the Pits of Slime
 11527 | Slime:5  | Noticed an azure jelly
 11528 | Slime:5  | Noticed a great orb of eyes
 11531 | Slime:5  | Noticed an acid blob
 11531 | Slime:5  | Noticed a quicksilver ooze
 11532 | Slime:5  | Found a viscous altar of Jiyva.
 11532 | Slime:5  | Noticed an acid blob
 11532 | Slime:5  | Noticed an acid blob
 11534 | Slime:5  | Noticed an azure jelly
 11534 | Slime:5  | Noticed an acid blob
 11536 | Slime:5  | Noticed the Royal Jelly
 11537 | Slime:5  | Noticed an acid blob
 11537 | Slime:5  | Noticed an acid blob
 11546 | Slime:5  | Identified the +8 battleaxe of Eternal Night {spect, Contam
                  | MP+9 Int+4}
 11549 | Slime:5  | Got a slimy rune of Zot
 11558 | Slime:5  | Identified the ring "Ugearasi" {rF++ Str-2 Dex+6 Slay+2
                  | Stlth+}
 11568 | Slime:5  | Identified the +2 robe "Guowuz" {rCorr}
 11609 | Slime:5  | Noticed an acid blob
 11870 | Slime:3  | Noticed a rockslime
 11942 | Lair:6   | Entered Level 6 of the Lair of Beasts
 11942 | Lair:6   | Noticed Sonja
 11961 | Lair:6   | Killed Sonja
 11962 | Lair:6   | Reached skill level 1 in Axes
 12014 | Lair:6   | Noticed Rupert
 12159 | Lair:6   | Killed Rupert
 12363 | Lair:6   | Reached skill level 5 in Axes
 12472 | Lair:6   | Noticed a dire elephant
 12509 | Lair:6   | Killed a dire elephant
 12565 | Lair:6   | Noticed an azure jelly
 12565 | Lair:6   | a seven-headed hydra changed into an azure jelly
 12630 | Lair:6   | Found a burning altar of Makhleb.
 12794 | Lair:6   | Found a transporter.
 13119 | Lair:6   | Found a transporter.
 13128 | Lair:6   | Found a one-way gate to the infinite horrors of the Abyss.
 13182 | Lair:6   | Noticed anonymous's ghost (journeyman NaFi)
 13222 | Lair:6   | Gained mutation: You are covered in slimy tendrils that may
                  | disarm your opponents. [Jiyva's grace]
 13222 | Lair:6   | Gained mutation: Your muscles are very strong. (Str +4)
                  | [Jiyva's grace]
 13222 | Lair:6   | Gained mutation: Your flesh is almost immune to the effects
                  | of cold. (rC+++) [Jiyva's grace]
 13222 | Lair:6   | Gained mutation: You possess an exceptional clarity of
                  | mind. [Jiyva's grace]
 13543 | Lair:6   | Found a gateway to Hell.
 13738 | D:9      | Noticed Gastronok
 13754 | D:9      | Reached XP level 14. HP: 101/119 MP: 14/14
 13758 | D:9      | Killed Gastronok
 13876 | D:9      | Found a shimmering altar of Xom.
 14042 | D:9      | Found a shimmering altar of Xom.
 14148 | D:10     | Entered Level 10 of the Dungeon
 14149 | D:10     | Identified the +0 ring mail of the Dice {rC+ Will- SInv}
 14876 | D:11     | Reached skill level 10 in Axes
 15059 | D:11     | Found a runed translucent door.
 15061 | D:11     | Lost mutation: Your mind is very acute. (Int +4) [Jiyva's
                  | grace]
 15061 | D:11     | Lost mutation: Your muscles are very strong. (Str +4)
                  | [Jiyva's grace]
 15061 | D:11     | Gained mutation: Your mind is very acute. (Int +4) [Jiyva's
                  | grace]
 15061 | D:11     | Gained mutation: Your body has grown eyes which may confuse
                  | attackers. (Acc +3) [Jiyva's grace]
 15061 | D:11     | Gained mutation: Your body has grown many eyes which may
                  | confuse attackers. (Acc +5) [Jiyva's grace]
 15061 | D:11     | Gained mutation: Your body is covered in eyes which may
                  | confuse attackers. (Acc +7, SInv) [Jiyva's grace]
 15061 | D:11     | Noticed whitenoisemaker's ghost (journeyman HuFi)
 15535 | D:12     | Found Oseowinu's Blood Bar.
 15733 | D:12     | Reached skill level 5 in Air Magic
 15748 | D:12     | Found a staircase to the Orcish Mines.
 16506 | Orc:1    | Entered Level 1 of the Orcish Mines
 16514 | Orc:1    | Noticed an orc warlord
 16619 | D:12     | Killed an orc warlord
 17071 | Orc:1    | Lost mutation: You possess an exceptional clarity of mind.
                  | [Jiyva's grace]
 17071 | Orc:1    | Lost mutation: Your mind is very acute. (Int +4) [Jiyva's
                  | grace]
 17071 | Orc:1    | Lost mutation: Your body is covered in eyes which may
                  | confuse attackers. (Acc +7, SInv) [Jiyva's grace]
 17071 | Orc:1    | Gained mutation: You are somewhat resistant to both further
                  | mutation and mutation removal. [Jiyva's grace]
 17071 | Orc:1    | Gained mutation: You are almost entirely resistant to
                  | further mutation and mutation removal. [Jiyva's grace]
 17071 | Orc:1    | Gained mutation: You have a somewhat thin skeletal
                  | structure. (Dex +2, Stealth+) [Jiyva's grace]
 17071 | Orc:1    | Gained mutation: You have a moderately thin skeletal
                  | structure. (Dex +4, Stealth++) [Jiyva's grace]
 17127 | Orc:2    | Entered Level 2 of the Orcish Mines
 17127 | Orc:2    | Found Qamiul's Antique Weapon Boutique.
 17204 | Orc:2    | Reached skill level 10 in Transmutations
 17210 | Orc:2    | Reached XP level 15. HP: 78/125 MP: 15/15
 17252 | Orc:2    | Paralysed by an ogre mage for 6 turns
 17294 | Orc:2    | Found Sacvya's Book Boutique.
 17322 | Orc:2    | Found Ogu Sut's Antique Weapon Emporium.
 17349 | Orc:2    | Found Kunatrot's Antique Weapon Shop.
 17513 | Orc:2    | Found a staircase to the Elven Halls.
 18446 | D:13     | Lost mutation: Your flesh is almost immune to the effects
                  | of cold. (rC+++) [Jiyva's grace]
 18446 | D:13     | Lost mutation: You are almost entirely resistant to further
                  | mutation and mutation removal. [Jiyva's grace]
 18446 | D:13     | Lost mutation: You are somewhat resistant to both further
                  | mutation and mutation removal. [Jiyva's grace]
 18446 | D:13     | Lost mutation: You are resistant to electric shocks.
                  | (rElec) [Jiyva's grace]
 18446 | D:13     | Lost mutation: You are covered in slimy tendrils that may
                  | disarm your opponents. [Jiyva's grace]
 18446 | D:13     | Gained mutation: You have a beak for a mouth. [Jiyva's
                  | grace]
 18446 | D:13     | Gained mutation: Armour fits poorly on your pseudopods.
                  | [Jiyva's grace]
 18446 | D:13     | Gained mutation: Armour fits poorly on your large
                  | pseudopods. [Jiyva's grace]
 18446 | D:13     | Gained mutation: Armour fits poorly on your massive
                  | pseudopods. [Jiyva's grace]
 18761 | D:14     | Noticed Frances
 18765 | D:14     | Noticed Kirke
 18824 | D:14     | Killed Frances
 18840 | D:14     | Killed Kirke
 19207 | D:14     | Found a gate to the Vaults.
 19435 | D:15     | Entered Level 15 of the Dungeon
 19484 | D:15     | Noticed Agnes
 19524 | D:15     | HP: 4/125 [Agnes (17)]
 19531 | D:15     | Killed Agnes
 19985 | D:15     | Found a staircase to the Depths.
 19992 | D:15     | Reached XP level 16. HP: 129/132 MP: 16/16
 20078 | D:15     | Found Fozoxkiu's General Store.
 20084 | D:15     | Bought a scroll of identify for 30 gold pieces
 20176 | D:15     | Lost mutation: Armour fits poorly on your massive
                  | pseudopods. [potion of mutation]
 20176 | D:15     | Lost mutation: Your body has grown many eyes which may
                  | confuse attackers. (Acc +5) [potion of mutation]
 20357 | Shoals:1 | Entered Level 1 of the Shoals
 20517 | Shoals:1 | Noticed an acid blob
 20517 | Shoals:1 | a merfolk javelineer changed into an acid blob
 20517 | Shoals:1 | HP: 5/132 [merfolk impaler (8)]
 20518 | Shoals:1 | Mangled by a merfolk impaler

Illustrated notes

Levels and vault maps discovered:
D:1:      dpeg_arrival_pits, layout_rooms, hellmonk_ecumenical_altar_run_dry,
          serial_park_tiny_1
D:2:      layout_loops_cross
D:3:      layout_loops_ring, serial_shops,
          nicolae_shop_temple_entry_statues_fountains, eino_tiny_chamber
D:4:      layout_basic
D:5:      layout_basic, mainiacjoe_overflow_catwalk, slow_altar_1,
          minmay_temple_entry_junction
D:6:      layout_loops_ring, mainiacjoe_overflow_24_doors,
          overflow_temple_1_default, uniq_grinder, uniq_maggie
D:7:      layout_cave_pools
D:8:      layout_basic, zin_angel, lair_entry_dummy
D:9:      layout_cross, led_xom_imps, kennysheep_small_circle, uniq_gastronok
D:10:     hellmonk_destroyed_diamonds, layout_irregular_city
D:11:     layout_basic, ebering_ghost_inner_flame, st_stairs_7
D:12:     layout_stronghold, zombieorc2_lemuel, guppyfry_shop_blood
D:13:     layout_long_grid
D:14:     layout_rooms, grunt_vaults_entry_fortified, uniq_frances, uniq_kirke
D:15:     grunt_enter_depths_hoard, layout_small_grid,
          nicolae_concentric_dashed_squares_wild, serial_shops,
          nicolae_shop_stone, uniq_agnes
Lair:1:   layout_hall_layers, maelrawn_ghost_gauntlet_escape,
          nicolae_lair_run_with_the_wolves
Lair:2:   layout_big_grid, guppyfry_snake_entry_island,
          chequers_serial_rivers_small_3, evilmike_ambush
          [evilmike_ambush_outer_pillars, evilmike_ambush_inner_basic],
          lemuel_fruit_tree, grunt_megastairs_3
Lair:3:   layout_loops_ring
Lair:4:   layout_cave_pods, minmay_shoals_entry_lonely_mermaid, uniq_snorg
Lair:5:   nzn_winding_woodlands_three_and_one [nzn_winding_woodlands_5x15_pool,
          nzn_winding_woodlands_5x15_pathside_ponds,
          nzn_winding_woodlands_5x15_twine, nzn_winding_woodlands_center_lodge],
          layout_loops_ring, dpeg_slime_entry_enclosed_altar, pf_torpor_hydra,
          lemuel_fruit_fields, lemuel_fruit_fields, uniq_urug
Lair:6:   evil_forest, layout_gridlike, gammafunk_ghost_abyssal_escape,
          st_stairs_4, infiniplex_staircase_pool, uniq_sonja, uniq_rupert
Shoals:1: layout_shoals, st_sunken_temple
Slime:1:  layout_caves, basic_altar, nicolae_slime_phagocytosis
Slime:2:  layout_caves
Slime:3:  layout_caves, basic_altar
Slime:4:  layout_caves, basic_altar, cheibrodos_slime_lost_civilization_4
Slime:5
Orc:1:    layout_caves
Orc:2:    st_orc_open, layout_caves

Skill      XL: |  1  2  3  4  5  6  7  8  9 10 11 12 13 14 15 |
---------------+----------------------------------------------+-----
Polearms       | 5 6 7 8 10 12 14 | 14.0
Fighting       | 3 4 5 6 7 9 10 12 13 | 13.8
Dodging        | 5 6 7 9 11 12 15 16 | 16.4
Transmutations | 3 7 10 13 | 13.6
Air Magic      | 1 4 6 8 |  8.9
Axes           | 8 11 12 | 12.5
Throwing       | |  2.0

Action                   |  1- 3 |  4- 6 |  7- 9 | 10-12 | 13-15 | 16-18 || total
-------------------------+-------+-------+-------+-------+-------+-------++-------
Melee: Trident           |    83 |    94 |   380 |  1098 |  1351 |    59 ||  3065
       Bite              |       |     5 |    39 |   125 |   276 |    12 ||   457
       Tailslap          |       |       |     2 |     2 |    25 |     4 ||    33
       Peck              |       |       |       |       |   104 |    12 ||   116
       Pseudopods        |       |       |       |       |    94 |    21 ||   115
Throw: Stone             |    41 |    43 |    94 |   145 |   162 |       ||   485
Invok: Oozemancy         |       |     2 |     3 |     2 |     2 |       ||     9
       Slimify           |       |       |       |     4 |     2 |     1 ||     7
  Use: Scroll            |       |       |       |    13 |    10 |     4 ||    27
       Potion            |       |       |       |     1 |     2 |     5 ||     8
 Stab: Sleeping          |     1 |       |       |     5 |    29 |     2 ||    37
       Confused          |       |       |    21 |    19 |    22 |     1 ||    63
       Petrified         |       |       |       |     2 |       |       ||     2
       Distracted        |       |       |       |       |    23 |       ||    23
Armor: Leather armour    |    11 |    12 |    20 |       |       |       ||    43
       Steam dragon scal |       |       |    12 |    96 |   114 |     1 ||   223
Dodge: Dodged            |    51 |    45 |   217 |   792 |  1072 |    96 ||  2273

Table legend: (Time is in decaauts)
 A = Elapsed time spent in this place.
 B = Non-inter-level travel time spent in this place.
 C = Inter-level travel time spent in this place.
 D = Time resting spent in this place.
 E = Time spent auto-exploring this place.
 F = Levels seen in this place.
 G = Mean time per level.
                   A        B        C        D        E       F      G
               +--------+--------+--------+--------+--------+-----+--------+
         Total |  19403 |  18499 |    904 |    446 |  12729 |  29 |  669.1 |
       Dungeon |  10646 |  10182 |    464 |    319 |   7128 |  15 |  709.7 |
          Lair |   6859 |   6526 |    333 |     86 |   4556 |   6 | 1143.2 |
        Shoals |    130 |    130 |      0 |      0 |      0 |   1 |  130.0 |
    Slime Pits |    528 |    458 |     70 |      0 |    265 |   5 |  105.6 |
  Orcish Mines |   1237 |   1201 |     36 |     41 |    780 |   2 |  618.5 |
               +--------+--------+--------+--------+--------+-----+--------+

Top non-repeatable levels by time:
  Lair:6: 1412 daAuts
  Lair:4: 1348 daAuts
  Lair:5: 1269 daAuts
  Lair:1: 1169 daAuts
     D:5: 1092 daAuts
    D:12: 1061 daAuts
  Lair:3: 926 daAuts
     D:6: 859 daAuts
     D:3: 840 daAuts
    D:13: 763 daAuts
     D:4: 755 daAuts
  Lair:2: 733 daAuts
    D:14: 718 daAuts
     D:8: 679 daAuts
    D:11: 658 daAuts
